 Dungeon Crawl Stone Soup version 0.31.0-1-g2c135a008e (webtiles) character file.

Game seed: 14901575085872706997

38 qw the Shooter (level 3, -13/29 HPs)
             Began as a Djinni Hunter on Jan 23, 2024.
             Mangled by Terence
             ... wielding a +1 heavy flail
              (15 damage)
             ... on level 2 of the Dungeon.
             The game lasted 00:00:04 (928 turns).

qw the Shooter (Djinni Hunter)                       Turns: 928, Time: 00:00:04

Health: -13/29     AC:  3    Str: 10    XL:     3   Next: 65%
Gold:   155        EV: 12    Int: 10    God:
                   SH:  0    Dex: 18

rFire   + + .        a - +0 shortbow
rCold   x . .        (shield currently unavailable)
rNeg    . . .        c - +0 leather armour
rPois   inf          (no helmet)
rElec   .            (no cloak)
rCorr   .            (no gloves)
SInv    .            (boots unavailable)
Will    .....        e - amulet of faith
Stlth   ++           (no ring)
HPRegen 0.24/turn    (no ring)
MPRegen 0.00/turn

%: faith, infuse magic (-14 HP)
@: flying
A: sickness immunity, fire resistance 2, cold vulnerability 1, float, innate
caster, HP casting, extra vitality 1
a: no special abilities


You were on level 2 of the Dungeon.
You visited 1 branch of the dungeon, and saw 2 of its levels.

You collected 155 gold pieces.


Innate Abilities, Weirdness & Mutations

You are immune to sickness and miasma.
You are immune to poison.
Your flesh is very heat resistant. (rF++)
You are vulnerable to cold. (rC-)
You float through the air rather than walking.
You learn spells naturally, not from books.
Your magical power is your life essence.
You have superior vitality. (+4 MHP)


   Skills:
 + Level 2.6 Fighting
 - Level 4.0 Ranged Weapons
 - Level 2.1 Dodging
 - Level 0.7 Stealth


You knew the following spells:

 Your Spells              Type           Power      Damage    Failure   Level
a - Freeze                Ice            0%         1d3       45%         1
Your spell library was empty.

Inventory:

Hand Weapons
 a - a +0 shortbow (weapon)
Armour
 c - a +0 leather armour (worn)
Jewellery
 e - an amulet of faith (around neck)
Scrolls
 b - a scroll of identify {unknown}
 f - a scroll of fear {unknown}
 h - a scroll of torment {unknown}
Potions
 d - a potion of curing {unknown}
 g - a potion of heal wounds {unknown}
 i - a potion of berserk rage {unknown}

Dungeon Overview and Level Annotations

Branches:
Dungeon (2/15)

Altars:

Annotations:
D:2 Terence


Message History

Enter note:
Enter note: You shoot an arrow.
The arrow closely misses Terence.
You shoot an arrow.
The arrow hits Terence but does no damage.
You shoot an arrow. The arrow hits Terence.
Terence is lightly wounded.
Terence hits you with a +1 heavy flail!
You shoot an arrow.
The arrow hits Terence but does no damage.
Terence is lightly wounded.
Terence closely misses you.
You shoot an arrow. The arrow barely misses Terence.
Terence barely misses you.
You shoot an arrow. The arrow hits Terence.
Terence is moderately wounded.
You shoot an arrow. The arrow barely misses Terence.
Terence closely misses you.
You shoot an arrow. The arrow hits Terence.
Terence is heavily wounded.
Terence hits you with a +1 heavy flail!
Ouch! That really hurt!
You shoot an arrow. The arrow hits Terence.
Terence is severely wounded.
Terence barely misses you.
You shoot an arrow.
The arrow hits Terence but does no damage.
Terence is severely wounded.
Terence hits you with a +1 heavy flail.
You shoot an arrow. The arrow barely misses Terence.
Terence asks, "Do you want it fast or slow?"
Terence misses you.
You shoot an arrow. The arrow barely misses Terence.
You shoot an arrow.
The arrow hits Terence but does no damage.
Terence is severely wounded.
Terence hits you with a +1 heavy flail!
Ouch! That really hurt!
You die...
Terence says, "Rest in peace."

###################
$............<...# #
#.@...........##.# .)#
#.#@# #######.##.#
#.###.#.# #.##.#
##.#...#.# #.##.# ###
##... #...# #.##.# #..
.... #...## #.##.#
#.########.#####..##
#.....
#.##.........#.....##
####.#
#.#..........#....[.#
#<.
#.#..#####.#........[#
###


You could see Terence.

Vanquished Creatures
  A ribbon worm (D:2)
  5 ball pythons
  2 endoplasms
  8 goblins
  A hobgoblin (D:1)
  4 kobolds
  A quokka (D:2)
  6 bats
  4 frilled lizards (D:1)
  A rat (D:2)
33 creatures vanquished.

Notes
Turn   | Place    | Note
-------+----------+-------------------------------------------
     0 | D:1      | qw the Djinni Hunter began the quest for the Orb.
     0 | D:1      | Reached XP level 1. HP: 18/18 MP: 0/0
     0 | D:1      | 0 ||| qw: Version: 0.3-a-136-gdd3b4e8
     0 | D:1      | 0 ||| qw: Game counter: 1031
     0 | D:1      | 0 ||| qw: Melee chars always use a shield: true
     0 | D:1      | 0 ||| qw: God list: Okawaru
     0 | D:1      | 0 ||| qw: Allow faded altars: false
     0 | D:1      | 0 ||| qw: Do Orc after clearing Dungeon:15 true
     0 | D:1      | 0 ||| qw: Do second Lair branch before Depths: true
     0 | D:1      | 0 ||| qw: Lair rune preference: random
     0 | D:1      | 0 ||| qw: Goals: Normal
     0 | D:1      | 0 ||| PLANNING D:1-11
    95 | D:1      | Reached XP level 2. HP: 23/23 MP: 0/0
   278 | D:1      | Reached XP level 3. HP: 24/28 MP: 0/0
   278 | D:1      | Learned a level 1 spell: Freeze
   280 | D:1      | Reached skill level 4 in Ranged Weapons
   472 | D:1      | 472 ||| UPGRADING to amulet of faith.
   477 | D:1      | 477 ||| READING scroll labelled QEUMAOVA XULE.
   478 | D:1      | 478 ||| READING scroll labelled TINAOXZ VERGHA.
   479 | D:1      | 479 ||| READING scroll labelled CIPNONA RONA.
   580 | D:1      | 580 ||| READING scroll labelled USYLUDD YD ASU.
   581 | D:1      | 581 ||| DROPPING scroll of butterflies.
   915 | D:2      | Noticed Terence
   923 | D:2      | HP: 6/29 [Terence/+1 heavy flail (15)]
   925 | D:2      | HP: 1/29 [Terence/+1 heavy flail (6)]
   928 | D:2      | Mangled by Terence

Levels and vault maps discovered:
D:1:      saegor_arrival_simple_d, layout_rooms
D:2:      layout_loops_ring, serial_bayou_lagoon_b, uniq_jessica, uniq_terence

Skill      XL: |  1  2  3 |
---------------+----------+-----
Ranged Weapons | 4 |  4.0
Fighting       | |  2.6
Dodging        | |  2.1
Stealth        | |  0.7

Action                     || total
---------------------------++-------
   Fire: Shortbow          ||   110
    Use: Scroll            ||     4
 Armour: Leather armour    ||    28
  Dodge: Dodged            ||    31

Table legend:
 A = Non-vault XP
 B = Vault XP
 C = Vault XP percentage of total XP
 D = Non-vault monster count
 E = Vault monster count
 F = Vault count percentage of total count
                 A         B        C        D         E       F
            +---------+---------+-------+---------+---------+-------
      Total |      55 |       0 |   0.0 |      33 |       0 |   0.0
            +---------+---------+-------+---------+---------+-------
        D:1 |      39 |       0 |   0.0 |      25 |       0 |   0.0
        D:2 |      16 |       0 |   0.0 |       8 |       0 |   0.0
            +---------+---------+-------+---------+---------+-------
